 Dungeon Crawl Stone Soup version 0.31-a0-889-g1a8549509d (webtiles) character file.

Game seed: 18190309581505628143

15420 Ahpoh the Fencer (level 12, -24/99 HPs)
             Began as a Barachi Fighter on Oct 16, 2023.
             Was the Champion of Cheibriados.
             Annihilated by a white ugly thing (31 damage)
             ... on level 12 of the Dungeon.
             The game lasted 00:50:32 (11712 turns).

Ahpoh the Fencer (Barachi Fighter)                 Turns: 11712, Time: 00:50:33

Health: -24/99     AC: 16    Str: 40    XL:     12   Next: 26%
Magic:  8/12       EV: 14    Int: 24    God:    Cheibriados [******]
Gold:   1296       SH: 14    Dex: 36    Spells: 11/11 levels left

rFire   . . .        K - +0 long sword "Xitamiomp" {flame, +Blink rElec Dex+6}
rCold   . . .        c - +0 buckler
rNeg    . . .        s - +1 chain mail
rPois   .            v - +0 helmet
rElec   +            (no cloak)
rCorr   .            z - +0 pair of gloves
SInv    .            b - +0 pair of boots
Will    .....        B - amulet of reflection
Stlth   +            n - +6 ring of strength
HPRegen 0.36/turn    o - ring of wizardry
MPRegen 0.13/turn

%: reflection, wizardry (x1)
@: unable to hop, very slow
A: amphibious, slowness 1, strong legs 1, +LOS
a: Hop, Renounce Religion, Evoke Blink, Bend Time, Temporal Distortion, Slouch,
Step From Time


You were on level 12 of the Dungeon.
You worshipped Cheibriados.
Cheibriados was exalted by your worship.
You visited 1 branch of the dungeon, and saw 12 of its levels.

You collected 1296 gold pieces.

Inventory:

Hand Weapons
 I - a +0 double sword of electrocution
 J - a +4 trident of protection
 K - the +0 long sword "Xitamiomp" (weapon) {flame, +Blink rElec Dex+6}
   (You took it off an orc warrior on level 9 of the Dungeon)

   Dex+6:     It affects your dexterity (+6).
   rElec:     It insulates you from electricity.
   +Blink:    It lets you blink.
Missiles
 u - 19 boomerangs (quivered)
Armour
 b - a +0 pair of boots (worn)
 c - a +0 buckler (worn)
 s - a +1 chain mail (worn)
 v - a +0 helmet (worn)
 z - a +0 pair of gloves (worn)
Jewellery
 i - an amulet of magic regeneration
 n - a +6 ring of strength (left hand)
 o - a ring of wizardry (right hand)
 B - an amulet of reflection (around neck)
Talismans
 D - a granite talisman
Wands
 k - a wand of paralysis (17)
 r - a wand of mindburst (7)
 x - a wand of polymorph (3)
 H - a wand of roots (19)
 L - a wand of flame (10)
Scrolls
 g - 5 scrolls of amnesia
 h - a scroll of summoning {unknown}
 j - 2 scrolls of vulnerability
 m - 4 scrolls of noise
 p - a scroll of fear
 q - 5 scrolls of teleportation
 w - 3 scrolls of enchant armour
 A - a scroll of enchant weapon {unknown}
 E - a scroll of immolation
 F - a scroll of fog {unknown}
Potions
 a - 2 potions of heal wounds
 l - 11 potions of degeneration
 t - 3 potions of attraction
 C - a potion of enlightenment {unknown}
 G - 2 potions of lignification {unknown}
 M - a potion of mutation
 N - a potion of berserk rage {unknown}
Miscellaneous
 e - a sack of spiders
 f - a phantom mirror
 y - a phial of floods


   Skills:
 * Level 10.6 Fighting
 * Level 15.1 Long Blades
 + Level 2.1 Throwing
 + Level 9.8 Armour
 + Level 4.0 Dodging
 - Level 2.4 Stealth
 + Level 9.8 Shields
 + Level 1.1 Invocations
 + Level 0.1 Evocations
 + Level 0.1 Shapeshifting


You had 11 spell levels left.
You didn't know any spells.
Your spell library contained the following spells:

 Spells                   Type           Power      Damage    Failure   Level
 Foxfire                  Conj/Fire      0%         2x1d4     16%         1
 Blink                    Tloc           0%         N/A       24%         2
 Lesser Beckoning         Tloc           0%         N/A       24%         2
 Momentum Strike          Conj/Tloc      0%         3d8       24%         2
 Sublimation of Blood     Necr           0%         N/A       24%         2
 Summon Guardian Golem    Hex/Summ       0%         N/A       41%         3
 Petrify                  Tmut/Erth      0%         N/A       80%         4
 Alistair's Intoxication  Tmut/Pois      0%         N/A       98%         5
 Borgnjor's Vile Clutch   Necr/Erth      0%         N/A       98%         5
 Irradiate                Conj/Tmut      0%         3d11      98%         5
 Eringya's Noxious Bog    Tmut/Pois      0%         4d6       100%        6
 Plasma Beam              Fire/Air       0%         2x1d10    100%        6
 Starburst                Conj/Fire      0%         6d3       100%        6
 Orb of Destruction       Conj           0%         9d5       100%        7
 Spellforged Servitor     Conj/Summ      0%         N/A       100%        7


Dungeon Overview and Level Annotations

Branches:
Dungeon (12/15)            Temple (0/1) D:5            Lair (0/5) D:10
    Orc (0/2) D:10

Altars:
Cheibriados
Dithmenos
Gozag
Okawaru
Ru
Sif Muna
Vehumet
Wu Jian
The Shining One

Shops:
D:7 *

Annotations:
D:5 3 runed translucent doors, ChaoticPyre's ghost, amateur MiBe
D:8 3 runed translucent doors
D:10 3 runed translucent doors, Ekaitz's ghost, novice DEAE


Innate Abilities, Weirdness & Mutations

You are amphibious.
You cover ground slowly.
You can hop short distances.
You have an extended range of vision and can be seen from far away.


Message History

You feel a bit more experienced.
The deep elf pyromancer mumbles some strange words.
The deep elf pyromancer blinks!
The deep elf pyromancer mumbles some strange words.
The deep elf pyromancer blinks!
You barely miss the white ugly thing.
The white ugly thing is heavily wounded.
The shadow slips into darkness.
The shadow flickers and vanishes!
Deactivating autopickup; reactivate with Ctrl-A.
You slash the white ugly thing! You burn the white ugly thing.
The white ugly thing is heavily wounded.
The white ugly thing headbutts you! The white ugly thing freezes you!
Hop to where?
Press: ? - help, Dir - move target, p - white ugly thing Boing!
Unknown command.
Aim the phial where?
Press: ? - help, Q - select action, (/) - cycle Shift-Dir - straight line, f - white ugly thing
Aim: a white ugly thing (sparse dust, heavily wounded)
Okay, then.
Throw: 19 boomerangs
Press: ? - help, Q - select action, (/) - cycle Shift-Dir - straight line, f - white ugly thing
Aim: a white ugly thing (sparse dust, heavily wounded, 73% to hit)
You throw a boomerang.
The boomerang hits the white ugly thing.
The white ugly thing is heavily wounded.
The deep elf pyromancer gestures wildly while chanting.
The deep elf pyromancer blinks!
You block the white ugly thing's attack.
The white ugly thing attacks as it pursues you!
The white ugly thing misses you. The white ugly thing headbutts you!
The white ugly thing freezes you!!
* * * LOW HITPOINT WARNING * * *
You block the fire elemental's attack. x2
The white ugly thing closely misses you.
You block the fire elemental's attack. The white ugly thing headbutts you.
* * * LOW HITPOINT WARNING * * *
The white ugly thing freezes you!!
You die...

#.# ###.# #.# .... #.#
#..# #.# #..# #.###..#
### #......# ....
####...# .....
####...########## .8....
#.##.@...........
....8..##.#.Eu.##########
...).eT'T.°#.#.#
...{8..##......# .8...○
#..#.#.# .e?.? ###...##
.... ##(## ### #.# #.#


You could see a white ugly thing, a troll and a fire elemental (summoned).

Vanquished Creatures
  2 hydras (D:9)
  Erica (D:8)
  A centaur warrior (D:9)
  A deep elf pyromancer (D:9)
  A manticore (D:9)
  An ugly thing (D:9)
  A cyclops (D:11)
  A kobold demonologist (D:10)
  An efreet (D:9)
  3 trolls
  Prince Ribbit (D:6)
  2 hornets
  Sigmund (D:6)
  2 wyverns
  A wraith (D:9)
  21 yaks
  3 steam dragons
  3 vampire mosquitoes (D:11)
  Menkaure (D:6)
  2 acid dragons
  Edmund (D:4)
  2 water moccasins
  7 orc warriors
  A black bear (D:4)
  An ogre (D:5)
  4 sky beasts
  6 centaurs
  2 kobold brigands
  7 bullfrogs
  3 gnoll sergeants
  4 scorpions
  7 wights
  4 killer bees (D:9)
  7 howler monkeys
  An electric eel (D:11)
  2 lava snakes (D:9)
  2 hounds (D:6)
  9 orc priests
  2 gnoll boudas
  A sleepcap (D:5)
  Natasha (thrice) (D:4)
  2 iguanas
  9 orc wizards
  A centaur simulacrum (D:9)
  Robin (D:3)
  22 gnolls
  10 adders
  2 white imps
  4 ufetubi (D:7)
  4 worms
  3 dart slugs
  59 orcs
  8 ball pythons
  6 endoplasms
  3 giant cockroaches
  14 goblins
  10 hobgoblins
  5 quokkas
  8 bats
  2 frilled lizards
  16 kobolds
  9 rats
324 creatures vanquished.

Vanquished Creatures (others)
  A kobold (D:10)
1 creature vanquished.

Grand Total: 325 creatures vanquished

Notes
Turn   | Place    | Note
-------+----------+-------------------------------------------
     0 | D:1      | Ahpoh the Barachi Fighter began the quest for the Orb.
     0 | D:1      | Reached XP level 1. HP: 18/18 MP: 1/1
   163 | D:1      | Found a faded altar of an unknown god.
   196 | D:1      | Prayed at the altar of an unknown god.
   196 | D:1      | Became a worshipper of Cheibriados the Contemplative
   196 | D:1      | Reached * piety under Cheibriados
   252 | D:1      | Reached XP level 2. HP: 25/25 MP: 2/2
   415 | D:1      | Reached skill level 3 in Long Blades
   415 | D:1      | Reached XP level 3. HP: 30/30 MP: 3/3
   529 | D:1      | Reached ** piety under Cheibriados
  1069 | D:2      | Reached XP level 4. HP: 33/37 MP: 4/4
  1537 | D:2      | Found a snail-covered altar of Cheibriados.
  1574 | D:3      | Noticed Robin
  1593 | D:2      | Reached *** piety under Cheibriados
  1640 | D:2      | Reached skill level 4 in Long Blades
  1895 | D:3      | Reached XP level 5. HP: 43/43 MP: 5/5
  2085 | D:3      | Killed Robin
  2117 | D:2      | Reached **** piety under Cheibriados
  2361 | D:3      | Reached skill level 5 in Armour
  2484 | D:4      | Reached skill level 5 in Long Blades
  2484 | D:4      | Reached XP level 6. HP: 46/50 MP: 6/6
  2545 | D:4      | Reached skill level 5 in Fighting
  2865 | D:4      | Noticed a black bear
  2874 | D:4      | Killed a black bear
  2875 | D:4      | Reached XP level 7. HP: 48/56 MP: 7/7
  2913 | D:4      | Reached skill level 6 in Long Blades
  3160 | D:4      | Noticed Natasha
  3169 | D:4      | Killed Natasha
  3214 | D:4      | Noticed Edmund
  3226 | D:4      | Killed Edmund
  3227 | D:4      | Reached skill level 1 in Dodging
  3518 | D:4      | Noticed Natasha
  3524 | D:4      | Killed Natasha
  3586 | D:4      | Noticed Natasha
  3592 | D:4      | Killed Natasha
  3687 | D:5      | Entered Level 5 of the Dungeon
  3698 | D:5      | Reached skill level 1 in Throwing
  3816 | D:5      | Reached skill level 7 in Long Blades
  3818 | D:5      | Found a staircase to the Ecumenical Temple.
  3869 | D:5      | Found an ornate altar of the Wu Jian Council.
  3896 | D:5      | Reached XP level 8. HP: 46/63 MP: 8/8
  4033 | D:5      | Found a radiant altar of Vehumet.
  4034 | D:5      | Found a glowing golden altar of the Shining One.
  4205 | D:5      | Found a runed translucent gate.
  4205 | D:5      | Found a runed translucent gate.
  4205 | D:5      | Found a runed translucent gate.
  4205 | D:5      | Found an opulent altar of Gozag.
  4211 | D:5      | Noticed a wyvern
  4211 | D:5      | Noticed ChaoticPyre's ghost (amateur MiBe)
  4337 | D:6      | Noticed Sigmund
  4531 | D:6      | Noticed Prince Ribbit
  5142 | D:6      | Killed Sigmund
  5147 | D:6      | Killed Prince Ribbit
  5148 | D:6      | Reached skill level 8 in Long Blades
  5153 | D:6      | Reached ***** piety under Cheibriados
  5154 | D:6      | Reached skill level 1 in Stealth
  5179 | D:6      | Noticed Menkaure
  5192 | D:6      | HP: 2/64 [Menkaure (5)]
  5193 | D:6      | Killed Menkaure
  5194 | D:6      | Reached skill level 5 in Shields
  5444 | D:6      | Reached skill level 9 in Long Blades
  5476 | D:6      | Reached XP level 9. HP: 67/69 MP: 9/9
  5720 | D:6      | Found a shimmering blue altar of Sif Muna.
  5878 | D:7      | Found Daguh's Evil Emporium.
  6027 | D:7      | Reached skill level 10 in Long Blades
  6744 | D:8      | Noticed Erica
  6756 | D:8      | Reached skill level 11 in Long Blades
  6756 | D:8      | Reached XP level 10. HP: 39/79 MP: 4/10
  6760 | D:8      | Killed Erica
  7097 | D:8      | Found a runed translucent gate.
  7097 | D:8      | Found a runed translucent gate.
  7097 | D:8      | Found a runed translucent gate.
  7097 | D:8      | Noticed a red ugly thing
  7097 | D:8      | Noticed a glowing orange brain
  7097 | D:8      | Noticed a cyan ugly thing
  7099 | D:8      | Noticed a cyan ugly thing
  7164 | D:8      | Reached skill level 12 in Long Blades
  7164 | D:8      | Reached skill level 1 in Invocations
  7562 | D:8      | Noticed a red ugly thing
  8024 | D:9      | Reached ****** piety under Cheibriados
  8046 | D:9      | Identified 2 scrolls of acquirement
  8046 | D:9      | Acquired a +0 double sword of electrocution
  8051 | D:9      | Acquired 566 gold pieces
  8258 | D:9      | Reached skill level 13 in Long Blades
  8454 | D:9      | Reached XP level 11. HP: 83/87 MP: 11/11
  8673 | D:9      | Identified the +0 long sword "Xitamiomp" {flame, +Blink
                  | rElec Dex+6}
  8720 | D:9      | Noticed a centaur warrior
  8728 | D:9      | Killed a centaur warrior
  8734 | D:9      | Noticed a six-headed hydra
  8740 | D:9      | Killed a two-headed hydra
  8741 | D:9      | Reached skill level 14 in Long Blades
  8742 | D:9      | Noticed a purple ugly thing
  8743 | D:9      | Noticed a seven-headed hydra
  8765 | D:9      | Killed a purple ugly thing
  8772 | D:9      | Identified the +1 mace of the Grinning Big Fish {freeze,
                  | Fly rPois Int-3 Dex+2}
  8772 | D:9      | Noticed a deep elf pyromancer
  8773 | D:9      | Noticed a manticore
  8780 | D:9      | Killed a three-headed hydra
  9238 | D:9      | Killed a manticore
  9315 | D:9      | Killed a deep elf pyromancer
  9833 | D:10     | Entered Level 10 of the Dungeon
  9835 | D:10     | Found a staircase to the Lair.
  9881 | D:10     | Found a runed translucent gate.
  9882 | D:10     | Found a runed translucent gate.
  9883 | D:10     | Found a runed translucent gate.
  9885 | D:10     | Noticed a 12-headed hydra
  9886 | D:10     | Noticed Ekaitz's ghost (novice DEAE)
  9887 | D:10     | Noticed a nine-headed hydra
 10179 | D:10     | Found a shadowy altar of Dithmenos.
 10219 | D:10     | Found an iron altar of Okawaru.
 10263 | D:10     | Found a staircase to the Orcish Mines.
 10657 | D:10     | Found a sacrificial altar of Ru.
 10992 | D:11     | Reached XP level 12. HP: 60/97 MP: 12/12
 11010 | D:11     | Reached skill level 10 in Fighting
 11157 | D:11     | Reached skill level 15 in Long Blades
 11650 | D:12     | Identified the "Juqib"
 11712 | D:12     | Annihilated by a white ugly thing

Illustrated notes

Levels and vault maps discovered:
D:1:      saegor_arrival_simple_d, layout_loops_ring,
          shapermc_ecumenical_altar_gd
D:2:      layout_basic, basic_altar, minmay_shallow_snake_nest
D:3:      layout_rooms, uniq_robin
D:4:      layout_loops_corners, uniq_edmund, uniq_natasha
D:5:      layout_basic, minitemple, minmay_temple_entry_tees,
          ebering_ghost_gozag
D:6:      layout_basic, mainiacjoe_overflow_concentric_impassable,
          uniq_prince_ribbit1, uniq_menkaure, uniq_sigmund
D:7:      layout_cave_pools, nicolae_evil_shop
D:8:      layout_rooms, enter_bailey_7, special_room [special_room_orc],
          ploomutoo_gammafunk_ghost_potion_laboratory, uniq_erica
D:9:      minmay_the_grid_square_5x5_3x3 [minmay_the_grid_square_5x5_seven,
          minmay_the_grid_square_5x5_empty,
          minmay_the_grid_square_5x5_checkered_statues,
          minmay_the_grid_square_5x5_two_walls_a,
          minmay_the_grid_square_5x5_megaprize_open,
          minmay_the_grid_square_5x5_minimal, minmay_the_grid_square_5x5_fat_x,
          minmay_the_grid_square_5x5_bite, minmay_the_grid_square_5x5_plus],
          layout_stronghold, grunt_decor_junction
D:10:     layout_irregular_city, lemuel_crystal_altar, lemuel_round_altar,
          okawaru_ov_weapons_minmay, lair_entry_dummy, orc_0_dummy,
          gammafunk_ghost_hydra_chop
D:11:     layout_gridville, lightli_minifort
D:12:     kennysheep_ambush_hall, layout_loops_ring,
          nicolae_trove_entry_crossroad, grunt_ministairs_1, uniq_snorg

Skill      XL: |  1  2  3  4  5  6  7  8  9 10 11 12 |
---------------+-------------------------------------+-----
Long Blades    | 3 4 5 7 9 11 13 14 15 | 15.1
Armour         | 4 5 6 7 8 9 |  9.8
Fighting       | 4 5 6 7 8 9 10 | 10.6
Shields        | 4 5 6 7 9 |  9.8
Dodging        | 1 2 3 4 |  4.0
Throwing       | 1 2 |  2.1
Stealth        | 2 |  2.4
Invocations    | 1 |  1.1
Evocations     | |  0.1
Shapeshifting  | |  0.1

Action                     |  1- 3 |  4- 6 |  7- 9 | 10-12 || total
---------------------------+-------+-------+-------+-------++-------
  Melee: Long sword        |    84 |   185 |   280 |   247 ||   796
         Scimitar          |       |       |       |   136 ||   136
         Double sword      |       |       |       |    74 ||    74
  Throw: Boomerang         |       |     2 |     4 |    14 ||    20
 Invoke: Slouch            |       |     1 |     2 |     2 ||     5
Ability: Begin Untransform |       |       |     1 |       ||     1
         Hop               |       |       |     1 |     2 ||     3
         Evoke Blink       |       |       |       |     1 ||     1
    Use: Scroll            |       |     3 |     3 |    12 ||    18
         Potion            |       |       |     2 |     2 ||     4
 Armour: Scale mail        |    55 |       |       |       ||    55
         Chain mail        |       |   160 |   166 |   221 ||   547
         Skin              |       |       |     3 |       ||     3
  Dodge: Dodged            |    40 |    82 |   120 |   165 ||   407
  Block: Buckler           |    16 |    61 |   154 |   340 ||   571
         Reflection        |       |       |     4 |    21 ||    25
   Form: Statue            |       |       |     1 |       ||     1

Table legend: (Time is in decaauts)
 A = Elapsed time spent in this place.
 B = Non-inter-level travel time spent in this place.
 C = Inter-level travel time spent in this place.
 D = Time resting spent in this place.
 E = Time spent auto-exploring this place.
 F = Levels seen in this place.
 G = Mean time per level.
                   A        B        C        D        E       F      G
               +--------+--------+--------+--------+--------+-----+--------+
         Total |  18764 |  18378 |    386 |   2531 |  12179 |  12 | 1563.7 |
       Dungeon |  18764 |  18378 |    386 |   2531 |  12179 |  12 | 1563.7 |
               +--------+--------+--------+--------+--------+-----+--------+

Top non-repeatable levels by time:
     D:9: 3263 daAuts
    D:10: 1993 daAuts
     D:4: 1986 daAuts
     D:8: 1913 daAuts
     D:5: 1823 daAuts
     D:2: 1605 daAuts
     D:7: 1328 daAuts
     D:6: 1328 daAuts
     D:1: 1283 daAuts
    D:11: 1209 daAuts
     D:3: 933 daAuts
    D:12: 94 daAuts
